 Dungeon Crawl Stone Soup version 0.31-a0-1338-gb567cfdca4 (webtiles) character file.

Game seed: 14618332316267963309

206 Sonofthefire the Changeling (level 5, 0/33 HPs)
             Began as an Octopode Shapeshifter on Dec 21, 2023.
             Succumbed to Ijyb's poison
             ... on level 3 of the Dungeon.
             The game lasted 00:03:02 (2083 turns).

Sonofthefire the Changeling (Octopode Shapeshifter) Turns: 2083, Time: 00:03:02

Health: 0/33       AC:  1    Str: 16    XL:     5   Next: 84%
Magic:  5/5        EV: 13    Int: 12    God:
Gold:   115        SH:  0    Dex: 11    Spells: 4/4 levels left

rFire   . . .        j - +2 dagger (protect)
rCold   . . .        (no shield)
rNeg    . . .        (helmet currently unavailable)
rPois   .            (no amulet)
rElec   .            (no ring)
rCorr   .            (no ring)
SInv    .            (no ring)
Will    .....        (no ring)
Stlth   ++           (no ring)
HPRegen 0.25/turn    (no ring)
MPRegen 0.09/turn    (no ring)
                     (no ring)

%: no passive effects
@: lethally poisoned (0 -> -1), beast-form
A: beast (slay +3), almost no armour, amphibious, 8 rings, camouflage 1,
gelatinous body 1, (nimble swimmer 1), tentacles
a: Begin Untransformation


You were on level 3 of the Dungeon.
You were a hulking beast.
You visited 1 branch of the dungeon, and saw 3 of its levels.

You collected 115 gold pieces.

Inventory:

Hand Weapons
 j - a +2 dagger of protection (weapon)
Talismans
 b - a beast talisman
 c - a flux talisman
 k - a granite talisman
Scrolls
 e - 2 scrolls of blinking {unknown}
 f - 2 scrolls of immolation {unknown}
 g - a scroll of enchant armour {unknown}
 h - a scroll of enchant weapon {unknown}
 o - a scroll of teleportation {unknown}


   Skills:
 - Level 1.0 Fighting
 - Level 2.0 Dodging
 - Level 3.0 Unarmed Combat
 + Level 5.9 Shapeshifting


You had 4 spell levels left.
You didn't know any spells.
Your spell library contained the following spells:

 Spells                   Type           Power      Damage    Failure   Level
 Magic Dart               Conj           0%         1d3       32%         1
 Searing Ray              Conj           0%         2d4       45%         2
 Inner Flame              Hex/Fire       0%         N/A       69%         3
 Cause Fear               Hex            0%         N/A       97%         4
 Fulminant Prism          Conj/Alch      0%         3d5       97%         4
 Fireball                 Conj/Fire      0%         3d3       100%        5
 Irradiate                Conj/Alch      0%         3d11      100%        5
 Ignition                 Fire           0%         3d3       100%        8
 Dragon's Call            Summ           0%         N/A       100%        9


Dungeon Overview and Level Annotations

Branches:
Dungeon (3/15)

Altars:
Sif Muna


Innate Abilities, Weirdness & Mutations

You are a hulking beast.
Your limbs bulge with bestial killing power. (Slay +3)
You cannot wear most types of armour.
You are amphibious.
You can wear up to eight rings at the same time.
Your skin changes colour to match your surroundings (Stealth+).
Your rubbery body absorbs attacks. (AC +1, EV +1)
((You are camouflaged when in or above water. (Stealth+)))
You have tentacles for arms and can constrict up to eight enemies at once.


Message History

Ijyb is almost dead.
You feel sick. Ijyb hits you but does no damage.
You hit Ijyb but do no damage.
Ijyb is almost dead.
You feel sick. Ijyb hits you but does no damage.
You are more poisoned.
You hit Ijyb but do no damage.
Ijyb is almost dead.
You feel sick. Ijyb completely misses you.
You hit Ijyb but do no damage.
Ijyb is almost dead.
You feel sick. Ijyb hits you but does no damage.
You are more poisoned.
You closely miss Ijyb.
Ijyb is almost dead.
* * * LOW HITPOINT WARNING * * *
You feel very sick. Ijyb hits you but does no damage.
You aren't carrying any potions.
You barely miss Ijyb.
Ijyb is almost dead.
You feel sick.
Ijyb zaps a wand.
You resist with some effort.
You hit Ijyb.
You kill Ijyb!
You feel less wooden.
You turn into a hulking beast.
* * * LOW HITPOINT WARNING * * *
You feel sick.
* * * LOW HITPOINT WARNING * * *
You feel sick.
Things that are here:
a +2 dagger of venom; a +4 ring mail of fire resistance; a wand of charming (5)
* * * LOW HITPOINT WARNING * * *
You feel sick. The gnoll hits you but does no damage.
* * * LOW HITPOINT WARNING * * *
You feel sick.
You aren't carrying any potions.
* * * LOW HITPOINT WARNING * * *
You feel sick.
You die...

#.########~~...~~#
#.# #~~~~~~~# #.#
##~~~~~## #.#
####### #.# #.#
#.# #
#.#########.#
#....h..ggg.#
#############


You could see 3 gnolls.

Vanquished Creatures
  A scorpion (D:3)
  Jessica (D:2)
  Ijyb (D:3)
  4 gnolls (D:3)
  2 adders (D:3)
  A dart slug (D:2)
  An orc (D:3)
  5 ball pythons
  5 bats
  An endoplasm (D:2)
  4 goblins
  4 hobgoblins
  3 kobolds (D:2)
  A quokka (D:3)
  A frilled lizard (D:1)
  7 rats
42 creatures vanquished.

Notes
Turn   | Place    | Note
-------+----------+-------------------------------------------
     0 | D:1      | Sonofthefire the Octopode Shapeshifter began the quest for
                  | the Orb.
     0 | D:1      | Reached XP level 1. HP: 13/13 MP: 1/1
   429 | D:2      | Reached XP level 2. HP: 18/18 MP: 2/2
   532 | D:3      | Reached skill level 4 in Shapeshifting
   532 | D:3      | Reached XP level 3. HP: 21/23 MP: 3/3
   755 | D:2      | Noticed Jessica
   766 | D:2      | Killed Jessica
   767 | D:2      | Reached XP level 4. HP: 4/28 MP: 4/4
  1052 | D:2      | Identified the +8 plate armour "Dovanuty" {Rampage Will+
                  | Regen+ Dex+4}
  1281 | D:3      | Reached skill level 5 in Shapeshifting
  1363 | D:3      | Reached XP level 5. HP: 30/33 MP: 5/5
  1958 | D:3      | Found a shimmering blue altar of Sif Muna.
  2002 | D:3      | Noticed Ijyb
  2078 | D:3      | Killed Ijyb
  2082 | D:3      | HP: 1/33 [poisoned by Ijyb]
  2083 | D:3      | Succumbed to Ijyb's poison

Illustrated notes

Levels and vault maps discovered:
D:1:      dpeg_arrival_rooms_b, layout_loops_corners, kennysheep_pointless_box
D:2:      layout_loops_ring, solitary_fountain, uniq_jessica
D:3:      layout_basic, led_sif_pool, uniq_ijyb

Skill      XL: |  1  2  3  4 |
---------------+-------------+-----
Shapeshifting  | 4 5 |  5.9
Fighting       | |  1.0
Dodging        | |  2.0
Unarmed Combat | |  3.0

Action                     |  1- 3 |  4- 6 || total
---------------------------+-------+-------++-------
  Melee: Unarmed           |    36 |       ||    36
         Constrict         |    10 |    11 ||    21
         Tentacles         |    11 |     8 ||    19
         Punch             |     2 |     3 ||     5
         Dagger            |       |    97 ||    97
    Use: Potion            |       |     7 ||     7
   Stab: Sleeping          |     7 |     9 ||    16
 Armour: Skin              |    11 |    61 ||    72
  Dodge: Dodged            |    11 |    23 ||    34

Table legend: (Time is in decaauts)
 A = Elapsed time spent in this place.
 B = Non-inter-level travel time spent in this place.
 C = Inter-level travel time spent in this place.
 D = Time resting spent in this place.
 E = Time spent auto-exploring this place.
 F = Levels seen in this place.
 G = Mean time per level.
                   A        B        C        D        E       F      G
               +--------+--------+--------+--------+--------+-----+--------+
         Total |   2064 |   1940 |    124 |    304 |   1267 |   3 |  688.0 |
       Dungeon |   2064 |   1940 |    124 |    304 |   1267 |   3 |  688.0 |
               +--------+--------+--------+--------+--------+-----+--------+

Top non-repeatable levels by time:
     D:2: 920 daAuts
     D:3: 875 daAuts
     D:1: 269 daAuts
